 Dungeon Crawl Stone Soup version 0.16.1-51-g6203257 (webtiles) character file.

3353 hannobal the Thaumaturge (level 9, -12/57 HPs)
             Began as a High Elf Wizard on July 19, 2015.
             Was a Follower of Vehumet.
             Killed by divine providence
             ... invoked by an orc priest
              (15 damage)
             ... on level 8 of the Dungeon.
             The game lasted 01:03:13 (12780 turns).

hannobal the Thaumaturge (High Elf Wizard)         Turns: 12780, Time: 01:03:13

Health: -12/57     AC:  9    Str:  9    XL:     9   Next: 73%
Magic:  19/29      EV: 17    Int: 21    God:    Vehumet [*.....]
Gold:   344        SH:  0    Dex: 16    Spells: 6 memorised, 13 levels left

rFire  . . .     SeeInvis .     a - +2 falchion (protect)
rCold  . . .     Clarity  .     s - +0 robe {MR+}
rNeg   . . .     SustAb   .     (no shield)
rPois  .         Gourm    .     l - +1 hat
rElec  .         Spirit   .     A - +0 cloak
rCorr  .         Warding  .     (no gloves)
rMut   .         Stasis   .     (no boots)
MR     ++...                    (no amulet)
Stlth  ++........               (no ring)
                                (no ring)

@: very resistant to hostile enchantments, unstealthy
A: magic resistance 1, screaming 1, spit poison 1
a: Spit Poison, Renounce Religion


You were on level 8 of the Dungeon.
You worshipped Vehumet.
Vehumet was aware of your devotion.
You were not hungry.

You visited 2 branches of the dungeon, and saw 9 of its levels.

You collected 344 gold pieces.

Inventory:

Hand weapons
 a - a +2 falchion of protection (weapon)
 b - a +0 hunting sling
 f - a +1 whip of electrocution
 g - a +0 blowgun
 h - a +2 spear of freezing
 u - a +0 halberd
 x - a +0 dagger
 E - a +0 quarterstaff
 H - a +0 short sword of venom
 L - a +3 long sword of freezing
 O - a +0 long sword of electrocution
Missiles
 j - 51 sling bullets
 m - 11 bolts
 o - 204 stones (quivered)
 p - 17 arrows of flame
 q - 16 poisoned arrows
 w - 33 poisoned needles
 C - 5 needles of confusion
 J - 25 arrows
Armour
 e - a +0 ring mail
 i - the cursed -1 scale mail of Valour {Regen+, unknown}
   (You found it on level 7 of the Dungeon)

   It increases your rate of regeneration.
   It has a curse placed upon it.
 l - a +1 hat (worn)
 s - a +0 robe of magic resistance (worn)
 A - a +0 cloak (worn)
Magical staves
 t - an uncursed staff of cold
Magical devices
 y - a wand of disintegration (2)
 B - a wand of enslavement (7)
Scrolls
 k - a scroll of noise
 r - 2 scrolls of amnesia
 z - a scroll of fog
 K - 2 scrolls of teleportation
 N - a scroll of enchant armour
Potions
 D - a potion of invisibility
 G - a potion of agility
 I - 2 potions of curing
 M - a potion of brilliance
Books
 c - a book of Minor Magic

   Spells                             Type                      Level
   a - Magic Dart                     Conjuration                  1
   b - Blink                          Translocation                2
   c - Call Imp                       Summoning                    2
   d - Repel Missiles                 Charms/Air                   2
   e - Slow                           Hexes                        2
   f - Conjure Flame                  Conjuration/Fire             3
   g - Mephitic Cloud                 Conjuration/Poison/Air       3
Comestibles
 d - 2 bread rations
 n - 5 meat rations
 v - 4 chunks of flesh


   Skills:
 - Level 3.4 Fighting
 - Level 1.0(2.3) Short Blades
 - Level 3.2(3.3) Long Blades
 - Level 1.0 Staves
 - Level 0.4(1.1) Slings
 - Level 2.1(2.2) Throwing
 - Level 8.0 Dodging
 - Level 2.1 Stealth
 + Level 9.3 Spellcasting
 - Level 5.4 Conjurations
 - Level 1.3 Charms
 - Level 1.1 Summonings
 - Level 2.7 Translocations
 - Level 1.3 Fire Magic
 - Level 2.6 Air Magic
 - Level 1.7 Poison Magic


You had 13 spell levels left.
You knew the following spells:

 Your Spells              Type           Power        Failure   Level  Hunger
b - Blink                 Tloc           N/A          3%          2    None
c - Conjure Flame         Conj/Fire      ###.....     6%          3    None
i - Call Imp              Summ           ##......     8%          2    None
m - Mephitic Cloud        Conj/Pois/Air  ###.....     6%          3    None
r - Repel Missiles        Chrm/Air       ###...       6%          2    None
z - Magic Dart            Conj           ####         1%          1    None


Dungeon Overview and Level Annotations

Branches:
Dungeon (8/15)             Temple (1/1) D:5
   Lair: D:8-11

Altars:
Ashenzari
Cheibriados
Dithmenos
Elyvilon
Fedhas
Gozag
Kikubaaqudgha
Makhleb
Qazlal
Ru
Sif Muna
Trog
Vehumet
Xom
Zin
The Shining One

Annotations:
D:4 1 runed door, hannobal's ghost, average HuWr


Innate Abilities, Weirdness & Mutations

You are resistant to hostile enchantments.
You occasionally shout uncontrollably at your foes.
You can spit poison.


Message History

Casting: Mephitic Cloud
Confirm with . or Enter, or press ? or * to list all spells.
Aiming: Conjure Flame
Press: ? - help, Dir - move target cursor, p - orc priest The fire roars!
The orc warrior hits your crimson imp with a scimitar.
Your crimson imp closely misses the orc warrior.
Casting: Conjure Flame
Confirm with . or Enter, or press ? or * to list all spells.
Aiming: Conjure Flame
Press: ? - help, Dir - move target cursor The fire roars!
The orc priest calls down the wrath of Beogh upon you.
Something smites you!
* * * LOW HITPOINT WARNING * * *
The orc warrior hits your crimson imp with a scimitar!!
Your crimson imp dies!
The orc priest calls down the wrath of Beogh upon you.
Something smites you!
You die...

... ########<.# #..
...o......#.o #.#
......./Ko.K.. #[#
######o#.#.# #.#
#.#.#.# #.# #K#.# #
#.# ########K#.# #.#
.........#.#.#
#@##########......
#.ยงยง.oKKoo.Ko#####
##############


You could see an orc warrior, a big kobold, an orc priest, an orc and a kobold.

Vanquished Creatures
  Pikel (D:7)
  The ghost of asdu the Slasher, an average HEBe of Trog (D:6)
  3 ice beasts
  3 phantoms
  A slave (D:7)
  A black bear (D:7)
  An ogre (D:5)
  Sigmund (D:6)
  A centaur (D:8)
  A big kobold (D:7)
  7 killer bees
  A scorpion (D:7)
  The ghost of EmilioHeskey the Ruffian, a weakling MiMo (D:3)
  9 wights
  An orc priest (D:7)
  3 goliath beetles (D:7)
  4 crimson imps
  4 hounds
  5 jellies
  2 orc wizards (D:4)
  5 worker ants
  A hound skeleton (D:5)
  A worker ant zombie (D:5)
  10 adders
  2 giant mites
  2 worms
  5 giant geckos
  15 orcs
  3 ball pythons
  13 bats
  3 bat skeletons
  A bat zombie (D:5)
  4 giant cockroaches
  12 goblins
  12 hobgoblins
  18 jackals
  22 kobolds
  4 quokkas
  A giant gecko skeleton (D:5)
  9 giant newts
  A quokka skeleton (D:5)
  7 rats
202 creatures vanquished.

Vanquished Creatures (others)
  A slave (D:7)
  2 crimson imps
  A worker ant (D:7)
4 creatures vanquished.

Grand Total: 206 creatures vanquished

Notes
Turn   | Place    | Note
--------------------------------------------------------------
     0 | D:1      | hannobal, the High Elf Wizard, began the quest for the Orb.
     0 | D:1      | Reached XP level 1. HP: 11/11 MP: 5/5
   372 | D:1      | Reached XP level 2. HP: 17/17 MP: 1/7
   521 | D:1      | Learned a level 2 spell: Repel Missiles
   525 | D:1      | Learned a level 2 spell: Blink
   528 | D:1      | Learned a level 2 spell: Call Imp
   907 | D:1      | Reached XP level 3. HP: 21/21 MP: 5/10
  1356 | D:2      | Reached skill level 1 in Charms
  1921 | D:2      | Reached skill level 1 in Summonings
  1994 | D:2      | Reached skill level 1 in Air Magic
  2235 | D:2      | Reached skill level 1 in Fighting
  2296 | D:3      | Reached XP level 4. HP: 28/28 MP: 9/13
  2536 | D:3      | Noticed EmilioHeskey's ghost (weakling MiMo)
  2758 | D:2      | Reached skill level 4 in Conjurations
  3080 | D:3      | Gained mutation: You occasionally shout uncontrollably at your foes. [potion of mutation]
  3080 | D:3      | Gained mutation: You are resistant to hostile enchantments. [potion of mutation]
  3080 | D:3      | Gained mutation: You can spit poison. [potion of mutation]
  3155 | D:3      | Learned a level 3 spell: Mephitic Cloud
  3267 | D:3      | Reached XP level 5. HP: 30/33 MP: 5/14
  3465 | D:3      | Reached skill level 1 in Short Blades
  3815 | D:3      | Killed EmilioHeskey's ghost
  3824 | D:3      | Found a glowing golden altar of the Shining One.
  4129 | D:4      | Found a deep blue altar of Sif Muna.
  4140 | D:4      | Reached skill level 1 in Poison Magic
  4280 | D:4      | Reached XP level 6. HP: 38/38 MP: 10/17
  4553 | D:4      | Found a runed door.
  4756 | D:4      | Noticed an angel
  4757 | D:4      | Found a glowing silver altar of Zin.
  4987 | D:4      | Noticed hannobal's ghost (average HuWr)
  5237 | D:5      | Entered Level 5 of the Dungeon
  6120 | D:5      | Reached skill level 5 in Conjurations
  6422 | D:5      | Found a staircase to the Ecumenical Temple.
  6430 | Temple   | Entered the Ecumenical Temple
  6526 | Temple   | Became a worshipper of Vehumet
  6637 | D:5      | Reached XP level 7. HP: 43/43 MP: 13/20
  6906 | D:5      | Reached skill level 5 in Spellcasting
  7431 | D:6      | Reached skill level 1 in Staves
  7440 | D:6      | Learned a level 3 spell: Conjure Flame
  7487 | D:6      | Reached skill level 1 in Fire Magic
  7637 | D:6      | Reached skill level 1 in Long Blades
  7801 | D:6      | Noticed Sigmund
  7835 | D:6      | Killed Sigmund
  8084 | D:6      | Reached skill level 6 in Spellcasting
  8180 | D:6      | Reached XP level 8. HP: 48/48 MP: 10/24
  8517 | D:6      | Noticed asdu's ghost (average HEBe)
  8575 | D:6      | Killed asdu's ghost
  8575 | D:6      | Reached skill level 5 in Dodging
  9340 | D:6      | Found a sacrificial altar of Ru.
  9804 | D:7      | Noticed Pikel
  9834 | D:7      | Killed Pikel
  9834 | D:7      | Reached skill level 8 in Spellcasting
  9834 | D:7      | Reached XP level 9. HP: 57/57 MP: 0/27
  9877 | D:6      | Acquired Vehumet's first power
  9877 | D:6      | Offered knowledge of Shock by Vehumet.
 10216 | D:7      | Got a bloodstained scale mail
 11222 | D:7      | Reached skill level 9 in Spellcasting
 12780 | D:8      | Killed from afar by an orc priest

Action                   |  1- 3 |  4- 6 |  7- 9 || total
-------------------------+-------+-------+-------++-------
Melee: Unarmed           |     2 |       |       ||     2
       Long sword        |       |       |     5 ||     5
       Halberd           |       |       |    16 ||    16
       Whip              |       |       |    17 ||    17
 Fire: Hunting sling     |    13 |     5 |       ||    18
Throw: Tomahawk          |       |       |     9 ||     9
       Stone             |       |       |     4 ||     4
 Cast: Magic Dart        |    73 |   237 |   480 ||   790
       Repel Missiles    |     1 |     1 |     1 ||     3
       Mephitic Cloud    |       |     3 |    21 ||    24
       Call Imp          |       |     1 |     5 ||     6
       Blink             |       |     1 |     2 ||     3
       Conjure Flame     |       |       |    34 ||    34
Evoke: Wand              |       |       |     2 ||     2
  Use: Potion            |     4 |     1 |     1 ||     6
       Scroll            |     7 |     4 |     6 ||    17
 Stab: Confused          |       |       |     1 ||     1
  Eat: Chunk             |     2 |    11 |    12 ||    25
       Bread ration      |     1 |       |     1 ||     2
       Beef jerky        |       |       |     3 ||     3
       Fruit             |       |       |     2 ||     2
